 Dungeon Crawl Stone Soup version 0.30-a0-953-g5f1da4a474 (webtiles) character file.

Game seed: 6437772158133098891

2501 Barriton the Geomancer (level 9, -5/63 HPs)
             Began as a Grey Draconian Earth Elementalist on Mar 28, 2023.
             Killed by divine providence
             ... invoked by an orc priest
              (16 damage)
             ... on level 8 of the Dungeon.
             The game lasted 00:11:46 (7319 turns).

Barriton the Geomancer (DrEE)                       Turns: 7319, Time: 00:11:47

Health: -5/63      AC: 15    Str: 11    XL:     9   Next: 28%
Magic:  3/19       EV: 17    Int: 19    God:
Gold:   1628       SH:  0    Dex: 12    Spells: 20/24 levels left

rFire   + . .      SeeInvis +    (no weapon)
rCold   . . .      Faith    .    (no shield)
rNeg    . . .      Spirit   .    (body armour unavailable)
rPois   .          Reflect  .    (helmet restricted)
rElec   .          Rampage  .    g - scarf {rC+ rF+}
rCorr   .                        p - +1 pair of gloves of Unreason {Will+ Stlth+}
Will    +....                    j - +0 pair of boots
Stlth   +++                      y - amulet of regeneration
HPRegen 1.10/turn                e - +5 ring of evasion
MPRegen 0.16/turn                k - ring of see invisible

@: about to teleport
A: AC +12, amphibious, unfitting armour, cold-blooded, low MP 1, cold
vulnerability 1
a: no special abilities


You were on level 8 of the Dungeon.
You visited 1 branch of the dungeon, and saw 8 of its levels.

You collected 1628 gold pieces.

Inventory:

Armour
 g - a scarf of resistance (worn)
 j - a +0 pair of boots (worn)
 p - the +1 pair of gloves of Unreason (worn) {Will+ Stlth+}
   (You found it on level 4 of the Dungeon)

   Will:      It increases your willpower.
   Stlth:     It makes you more stealthy.
 w - a scarf of harm
Jewellery
 e - a +5 ring of evasion (left hand)
 k - a ring of see invisible (right hand)
 y - an amulet of regeneration (around neck)
 B - a ring of resist corrosion
Wands
 i - a wand of flame (53)
 l - a wand of roots (6)
 v - a wand of quicksilver (11)
 A - a wand of paralysis (13)
Scrolls
 f - 2 scrolls of teleportation
 q - a scroll of fear {unknown}
 s - 2 scrolls of blinking
 u - 2 scrolls of identify
Potions
 a - a potion of magic
 b - a potion of degeneration
 c - a potion of haste
 d - 2 potions of berserk rage
 h - a potion of curing
 m - a potion of cancellation
 o - a potion of invisibility
 r - a potion of resistance
 t - a potion of heal wounds
 x - a potion of might
 z - a potion of flight {unknown}
Miscellaneous
 n - a lightning rod (4/4)


   Skills:
 + Level 0.6 Fighting
 + Level 2.5 Dodging
 + Level 2.4 Stealth
 + Level 0.4 Unarmed Combat
 + Level 8.1 Spellcasting
 + Level 2.0 Conjurations
 + Level 1.0 Transmutations
 + Level 10.7 Earth Magic


You had 20 spell levels left.
You knew the following spells:

 Your Spells              Type           Power      Damage    Failure   Level
a - Sandblast             Erth           96%        2d20      1%          1
b - Stone Arrow           Conj/Erth      62%        3d10      1%          3

Your spell library contained the following spells:

 Spells                   Type           Power      Damage    Failure   Level
 Passwall                 Tmut/Erth      25%        N/A       1%          2
 Shock                    Conj/Air       44%        1d5       6%          1
 Apportation              Tloc           14%        N/A       9%          1
 Petrify                  Tmut/Erth      30%        N/A       9%          4
 Swiftness                Air            7%         N/A       26%         3
 Airstrike                Air            3%         2d(1-17)  65%         4
 Alistair's Intoxication  Tmut/Pois      6%         N/A       90%         5


Dungeon Overview and Level Annotations

Branches:
Dungeon (8/15)             Temple (0/1) D:5
   Lair: D:8-11

Altars:
Qazlal
The Shining One

Shops:
D:4 (((   D:5 *

Annotations:
D:3 2 transporters
D:8 2 transporters, GrimJard's ghost, novice DrCj


Innate Abilities, Weirdness & Mutations

Your dull iron-grey scales are very hard. (AC +12)
You are amphibious.
You cannot fit into any form of body armour.
You are cold-blooded and may be slowed by cold attacks.
Your magical capacity is low. (-10% MP)
You are vulnerable to cold. (rC-)


Message History

The orc warrior barely misses you.
You closely miss the orc warrior.
The orc warrior is almost dead.
The orc priest closely misses you.
The orc wizard points at you and mumbles some strange words.
The magic dart hits you but does no damage.
The orc warrior hits you with a +0 flail!
You closely miss the orc warrior.
Your tail-slap misses the orc warrior.
The orc warrior is almost dead.
The orc priest calls down the wrath of Beogh upon you.
Beogh smites you! The orc wizard casts a spell at you. The magic dart hits you.
The orc misses you. The orc warrior misses you.
You hit the orc warrior.
Your tail-slap misses the orc warrior.
The orc warrior is almost dead.
The orc priest hits you but does no damage.
The orc wizard casts a spell at you.
The magic dart hits you but does no damage.
The orc closely misses you. The orc warrior closely misses you.
As you read the scroll of teleportation, it crumbles to dust.
You feel strangely unstable.
The orc priest calls down the wrath of Beogh upon you.
Beogh smites you! The orc wizard barely misses you. The orc barely misses you.
The orc warrior closely misses you.
Casting: Stone Arrow (safe; 1% risk of failure)
Confirm with . or Enter, or press ? or * to list all spells.
Aiming: Sandblast (safe; 1% risk of failure)
Press: ? - help, Shift-Dir - straight line, f/p - orc warrior
Aim: an orc warrior, wielding a +0 flail and wearing a +0 plate armour (almost dead, 85% to hit)
The blast of sand hits the orc warrior but does no damage.
The orc warrior is almost dead.
The orc wizard misses you. The orc hits you with a +0 dagger.
The orc warrior hits you with a +0 flail.
The orc priest closely misses you. The orc closely misses you.
The orc priest calls down the wrath of Beogh upon you.
Beogh smites you!
* * * LOW HITPOINT WARNING * * *
The orc priest invokes the aid of Beogh against you.
Beogh smites you!
You die...

#.#..#.....+..$..#
#.#........#..o..#
#.#....#.........#
####.#..#.#.##..#####...
........#.#..†..........
........#.#.##...######
........#.#.##.#o..#
............##.#o#...#
####........##.#@###..#
#........##.ooo# ..#
#....###.##?.oo# ..
#....# #.##?.... .
#......#.##.?....
..........##.......
.......#<####........
#......#.. ..........


You could see an orc warrior, 2 orc priests, an orc wizard (invisible) and 3
orcs.

Vanquished Creatures
  A wyvern (D:7)
  A steam dragon (D:6)
  3 ice beasts
  A black bear (D:7)
  An ogre (D:5)
  2 orc warriors (D:7)
  A centaur (D:6)
  2 phantoms
  2 bullfrogs
  Blork the orc (D:5)
  5 scorpions
  3 wights (D:6)
  A howler monkey (D:6)
  2 hounds
  4 orc priests (D:7)
  A sleepcap (D:5)
  5 iguanas
  3 orc wizards
  3 gnolls (D:6)
  8 adders
  A shadow imp (D:7)
  A white imp (D:7)
  A worm (D:3)
  A dart slug (D:1)
  29 orcs
  4 ball pythons
  7 bats
  6 endoplasms
  5 giant cockroaches
  15 goblins
  9 hobgoblins
  5 jackals
  10 kobolds
  4 quokkas
  5 frilled lizards
  7 rats
160 creatures vanquished.

Vanquished Creatures (others)
  2 plants (D:6)
2 creatures vanquished.

Grand Total: 162 creatures vanquished

Notes
Turn   | Place    | Note
-------+----------+-------------------------------------------
     0 | D:1      | Barriton the Draconian Earth Elementalist began the quest
                  | for the Orb.
     0 | D:1      | Reached XP level 1. HP: 14/14 MP: 3/3
   303 | D:1      | Reached XP level 2. HP: 16/20 MP: 0/5
   999 | D:1      | Reached XP level 3. HP: 26/26 MP: 3/6
  1127 | D:2      | Reached skill level 4 in Earth Magic
  1726 | D:2      | Reached XP level 4. HP: 33/33 MP: 4/7
  2001 | D:3      | Found a transporter.
  2178 | D:3      | Found a faded altar of an unknown god.
  2212 | D:3      | Found a transporter.
  2336 | D:3      | Reached skill level 5 in Earth Magic
  2915 | D:3      | Reached XP level 5. HP: 38/38 MP: 4/9
  3251 | D:4      | Noticed a phantom
  3257 | D:4      | Killed a phantom
  3308 | D:4      | Found Esuenash's Weapon Shoppe.
  3359 | D:4      | Identified the +1 pair of gloves of Unreason {Will+ Stlth+}
  3499 | D:4      | Found Petruos's Weapon Boutique.
  3499 | D:4      | Noticed an ice beast
  3506 | D:4      | Killed an ice beast
  3507 | D:4      | Reached XP level 6. HP: 45/45 MP: 5/12
  3975 | D:4      | Found Cix Giog's Antique Weapon Boutique.
  4173 | D:5      | Entered Level 5 of the Dungeon
  4176 | D:5      | Reached skill level 6 in Earth Magic
  4185 | D:5      | Your scales start taking on a dull iron-grey colour.
  4185 | D:5      | Reached skill level 7 in Earth Magic
  4185 | D:5      | Reached XP level 7. HP: 37/51 MP: 6/14
  4328 | D:5      | Reached skill level 5 in Spellcasting
  4328 | D:5      | Reached skill level 8 in Earth Magic
  4530 | D:5      | Found Vuryt's CLEARANCE SALE!.
  4601 | D:5      | Found a glowing golden altar of the Shining One.
  4731 | D:5      | Noticed Blork the orc
  4735 | D:5      | Killed Blork the orc
  4816 | D:5      | Found a staircase to the Ecumenical Temple.
  4842 | D:5      | Reached XP level 8. HP: 58/58 MP: 12/16
  5159 | D:6      | Reached skill level 9 in Earth Magic
  5366 | D:6      | Found a stormy altar of Qazlal.
  5894 | D:6      | Identified a scroll of acquirement
  5894 | D:6      | Acquired 1300 gold pieces
  5901 | D:6      | Gained mutation: You are somewhat resistant to further
                  | mutation. [potion of mutation]
  5901 | D:6      | Gained mutation: Your tail ends in a venomous barb. [potion
                  | of mutation]
  5936 | D:7      | Lost mutation: Your tail ends in a venomous barb. [potion
                  | of mutation]
  5936 | D:7      | Lost mutation: You are somewhat resistant to further
                  | mutation. [potion of mutation]
  5936 | D:7      | Gained mutation: Your magical capacity is low. (-10% MP)
                  | [potion of mutation]
  5936 | D:7      | Gained mutation: You are vulnerable to cold. (rC-) [potion
                  | of mutation]
  6013 | D:7      | Learned a level 3 spell: Stone Arrow
  6017 | D:7      | Reached skill level 10 in Earth Magic
  6209 | D:7      | Identified the +0 tower shield of Hielui Liah {Rampage
                  | rElec SInv}
  6575 | D:7      | Reached XP level 9. HP: 63/63 MP: 3/18
  6794 | D:7      | Reached skill level 1 in Conjurations
  7127 | D:8      | Found a transporter.
  7132 | D:8      | Found a transporter.
  7133 | D:8      | Noticed GrimJard's ghost (novice DrCj)
  7154 | D:8      | Noticed a queen bee
  7319 | D:8      | Killed from afar by an orc priest

Illustrated notes

Levels and vault maps discovered:
D:1:      sevenhm_arrival_forest_fort_small_6, layout_loops_ring
D:2:      layout_basic, columned_hall_lemuel
D:3:      gammafunk_steamed_eel, layout_loops_ring,
          hellmonk_ecumenical_altar_slurped_away, grunt_ministairs_15,
          minmay_misc_feat_pillars, minmay_checkerbox
D:4:      layout_cave_pods, serial_shops, nicolae_shop_hallway_plus, shop,
          kennysheep_mini_moat
D:5:      layout_cave_pools, lemuel_coloured_pillars_altar,
          minmay_temple_entry_waves, serial_column_ruins, column_ruins_hut,
          column_ruins_open_tiny, column_ruins_open_small, column_ruins_grid_1,
          column_ruins_grid_4, column_ruins_open_medium, nicolae_shop_clearance,
          uniq_blork_the_orc
D:6:      layout_gridville, mainiacjoe_overflow_cross_hatched
D:7:      layout_loops_ring
D:8:      layout_basic, mainiacjoe_overflow_24_doors, serial_shops,
          nicolae_shop_advertising_works [nicolae_subvault_shop_adworks],
          enter_ossuary_2, gammafunk_ghost_hive, bh_walls_and_bars

Skill      XL: |  1  2  3  4  5  6  7  8  9 |
---------------+----------------------------+-----
Earth Magic    | 4 5 7 8 10 | 10.7
Dodging        | 2 |  2.5
Spellcasting   | 4 5 7 8 |  8.1
Stealth        | 2 |  2.4
Conjurations   | 2 |  2.0
Fighting       | |  0.6
Unarmed Combat | |  0.4
Transmutations | |  1.0

Action                     |  1- 3 |  4- 6 |  7- 9 || total
---------------------------+-------+-------+-------++-------
  Melee: Unarmed           |    19 |     6 |    32 ||    57
         Tailslap          |     2 |     1 |     5 ||     8
   Cast: Sandblast         |    64 |    95 |    96 ||   255
         Stone Arrow       |       |       |    36 ||    36
    Use: Scroll            |     2 |    10 |     9 ||    21
         Potion            |       |       |     2 ||     2
 Armour: Skin              |    19 |    13 |    27 ||    59
  Dodge: Dodged            |    21 |    43 |    77 ||   141

Table legend: (Time is in decaauts)
 A = Elapsed time spent in this place.
 B = Non-inter-level travel time spent in this place.
 C = Inter-level travel time spent in this place.
 D = Time resting spent in this place.
 E = Time spent auto-exploring this place.
 F = Levels seen in this place.
 G = Mean time per level.
                   A        B        C        D        E       F      G
               +--------+--------+--------+--------+--------+-----+--------+
         Total |   7450 |   7223 |    227 |      0 |   6134 |   8 |  931.2 |
       Dungeon |   7450 |   7223 |    227 |      0 |   6134 |   8 |  931.2 |
               +--------+--------+--------+--------+--------+-----+--------+

Top non-repeatable levels by time:
     D:3: 1181 daAuts
     D:4: 1159 daAuts
     D:7: 1158 daAuts
     D:1: 1141 daAuts
     D:5: 912 daAuts
     D:6: 888 daAuts
     D:2: 772 daAuts
     D:8: 236 daAuts
